 Dungeon Crawl Stone Soup version 0.22-a0-456-g11ed031 (webtiles) character file.

8561 xccam the Transmogrifier (level 11, 0/91 HPs)
             Began as a Yellow Draconian Transmuter on June 7, 2018.
             Was a High Priest of Okawaru.
             Slain by a two-headed ogre
             ... wielding a +0 dire flail
              (23 damage)
             ... on level 9 of the Dungeon.
             The game lasted 00:21:17 (11572 turns).

xccam the Transmogrifier (DrTm)                    Turns: 11572, Time: 00:21:18

Health: 0/91       AC:  9    Str: 18    XL:     11   Next: 11%
Magic:  17/17      EV: 12    Int: 15    God:    Okawaru [*****.]
Gold:   310        SH:  0    Dex: 11    Spells: 6/14 levels left

rFire    . . .     SeeInvis .     - Unarmed
rCold    . . .     Gourm    .   (no shield)
rNeg     . . .     Faith    .   (armour unavailable)
rPois    +         Spirit   .   (helmet restricted)
rElec    .         Reflect  .   l - +0 cloak {rPois}
rCorr    +         Harm     .   y - +0 pair of gloves
MR       +....                  (boots currently unavailable)
Stlth    +.........             t - amulet of the acrobat
HPRegen  0.25/turn              p - +3 ring of strength
MPRegen  0.15/turn              u - ring of protection from magic

@: short of breath, appendage
A: spit acid, acid resistance, unfitting armour, talons 3, cold-blooded, AC +7
a: Breathe Acid, End Transformation, Heroism, Finesse, Renounce Religion


You were on level 9 of the Dungeon.
You worshipped Okawaru.
Okawaru was extremely pleased with you.
You were hungry.
You had grown temporary talons.
You visited 2 branches of the dungeon, and saw 10 of its levels.
You also visited: Sewer.

You collected 430 gold pieces.
You spent 120 gold pieces at shops.

Inventory:

Missiles
 a - 104 arrows
Armour
 l - a +0 cloak of poison resistance (worn)
 y - a +0 pair of gloves (worn)
Jewellery
 p - a +3 ring of strength (left hand)
 t - an amulet of the acrobat (around neck)
 u - a ring of protection from magic (right hand)
 x - an uncursed amulet of magic regeneration
Wands
 f - a wand of flame (26)
Scrolls
 d - 3 scrolls of teleportation
 e - a scroll of immolation
 i - 2 scrolls of blinking
 q - a scroll of remove curse
 v - 2 scrolls of magic mapping {unknown}
 w - a scroll of silence {unknown}
 A - 2 scrolls of identify
 C - a scroll of amnesia
Potions
 b - 3 potions of brilliance
 c - 2 potions of haste
 g - 2 potions of might
 h - a potion of agility
 j - 5 potions of curing
 k - a potion of cancellation
 n - a potion of magic
 o - a potion of mutation
 r - a potion of lignification {unknown}
 s - a potion of heal wounds
 B - a potion of berserk rage
Comestibles
 m - 7 rations


   Skills:
 + Level 6.4 Fighting
 + Level 2.4 Dodging
 + Level 8.5 Unarmed Combat
 - Level 2.0 Spellcasting
 - Level 12.0 Transmutations
 - Level 8.0 Invocations


You had 6 spell levels left.
You knew the following spells:

 Your Spells              Type           Power        Failure   Level  Hunger
a - Beastly Appendage     Tmut           #####.       1%          1    #......
b - Blade Hands           Tmut           #####.....   4%          5    ######.
c - Sticks to Snakes      Tmut           #####...     1%          2    ###....

Your spell library contained the following spells:

 Spells                   Type           Power        Failure   Level  Hunger
 Stone Arrow              Conj/Erth      #.....       54%         3    ###....
 Spider Form              Tmut/Pois      ###.......   5%          3    ###....
 Ice Form                 Ice/Tmut       ###.....     19%         4    #####..
 Passwall                 Tmut/Erth      ###.....     2%          2    ###....
 Lee's Rapid Deconstruct  Erth           #.........   99%         5    ######.
 Sandblast                Erth           #.....       22%         1    #......
 Petrify                  Tmut/Erth      ###.....     19%         4    #####..


Dungeon Overview and Level Annotations

Branches:
Dungeon (9/15)             Temple (1/1) D:5
   Lair: D:8-11         Orc: D:9-12

Altars:
Cheibriados
Dithmenos
Elyvilon
Fedhas
Gozag
Hepliaklqana
Kikubaaqudgha
Makhleb
Okawaru
Qazlal
Ru
Sif Muna
Trog
Uskayaw
Vehumet
Wu Jian
Xom
Yredelemnul

Shops:
D:5 !


Innate Abilities, Weirdness & Mutations

You can spit globs of acid.
You are resistant to acid.
Your golden yellow scales are hard. (AC +7)
You cannot fit into any form of body armour.
You are cold-blooded and may be slowed by cold attacks.
You have claws for feet.


Message History

The two-headed ogre hits you with a giant club!!
* * * LOW HITPOINT WARNING * * *
Press: ? - help, Shift-Dir - straight line, f - two-headed ogre
Aim: a two-headed ogre, wielding a dire flail and a giant club (moderately wounded)
You spit a glob of acid.
The glob of acid hits the two-headed ogre.
The two-headed ogre is splashed with acid.
The two-headed ogre is heavily wounded.
The two-headed ogre is splashed with acid.
The acid corrodes the two-headed ogre!
You feel somewhat more hungry.
You hit the two-headed ogre.
You claw the two-headed ogre, but do no damage.
You tail-slap the two-headed ogre, but do no damage.
The two-headed ogre is heavily wounded.
The two-headed ogre closely misses you.
The two-headed ogre hits you but does no damage.
You punch the two-headed ogre! You claw the two-headed ogre.
The two-headed ogre is severely wounded.
The two-headed ogre hits you with a dire flail!!
You die...

..# #..# #.##...#
### #..# #.##.#.#
..###).# #(##.#.#
..'.#<.# #....#..
..#....#
#.#######
'####..# #....#..
.# ..#....#
#.#..#.##..#
..#.####
#....#..(..#
..#.#
##..@O.....#
###.# #..###...##
#.# #..# ..# #.#
#..# .# #.# #..#
# #.# ########...
#.# #........##
###.###.########
.>.[^...#########


You could see a two-headed ogre.

Vanquished Creatures
  A two-headed ogre (D:8)
  A deep troll earth mage (D:9)
  Pikel (D:8)
  A deep elf mage (D:9)
  2 cyclopes
  Joseph (D:7)
  An efreet (D:9)
  A slime creature (D:9)
  Prince Ribbit (D:7)
  A hippogriff (D:8)
  Eustachio (D:4)
  A wyvern (D:8)
  A yak (D:9)
  2 hungry ghosts
  A basilisk (D:9)
  A human (D:9)
  3 hogs (D:9)
  A water moccasin (D:7)
  3 orc warriors
  A black bear (D:9)
  A necrophage (D:7)
  An eye of draining (D:9)
  3 sky beasts
  3 ogres
  A phantom (D:4)
  2 crocodiles
  3 bullfrogs
  6 scorpions
  A water moccasin skeleton (D:6)
  2 howler monkeys
  2 crimson imps (D:8)
  A gnoll shaman (D:5)
  3 jellies
  4 orc priests
  3 bullfrog skeletons
  A hound (D:7)
  Crazy Yiuf (D:2)
  8 worker ants
  5 orc wizards
  2 hound skeletons
  A howler monkey zombie (D:6)
  A worker ant zombie (D:7)
  13 adders
  17 gnolls
  A howler monkey skeleton (D:4)
  An ooze (D:5)
  An adder zombie (D:9)
  A worm (D:4)
  2 dart slugs (D:4)
  6 leopard geckos
  38 orcs
  3 giant cockroaches (D:6)
  9 goblins
  8 hobgoblins
  4 jackals
  3 quokkas
  4 bats
  6 kobolds
  A leopard gecko skeleton (D:8)
  A leopard gecko zombie (D:9)
  6 rats
206 creatures vanquished.

Vanquished Creatures (collateral kills)
  A leopard gecko (D:6)
1 creature vanquished.

Vanquished Creatures (others)
  A slave (D:8)
  A gnoll (D:8)
2 creatures vanquished.

Grand Total: 209 creatures vanquished

Notes
Turn   | Place    | Note
-------+----------+-------------------------------------------
     0 | D:1      | xccam the Draconian Transmuter began the quest for the Orb.
     0 | D:1      | Reached XP level 1. HP: 16/16 MP: 3/3
   267 | D:1      | Reached XP level 2. HP: 23/23 MP: 5/5
   902 | D:2      | Reached XP level 3. HP: 11/28 MP: 4/6
  1528 | D:2      | Found a runed door.
  1772 | D:2      | Noticed Crazy Yiuf
  1782 | D:2      | Killed Crazy Yiuf
  1782 | D:2      | Reached skill level 5 in Unarmed Combat
  1782 | D:2      | Reached XP level 4. HP: 13/35 MP: 7/7
  2887 | D:4      | Noticed Eustachio
  2900 | D:4      | HP: 1/35 [iron imp[Eustachio] (6)]
  3259 | D:4      | Reached XP level 5. HP: 29/40 MP: 8/8
  3460 | D:4      | Reached skill level 3 in Transmutations
  3647 | D:4      | Noticed a phantom
  3703 | D:4      | Reached XP level 6. HP: 39/47 MP: 7/9
  3722 | D:4      | Reached skill level 4 in Transmutations
  3891 | D:4      | Reached skill level 5 in Transmutations
  3998 | D:4      | Your scales start taking on a golden yellow colour.
  3998 | D:4      | Reached XP level 7. HP: 40/52 MP: 10/10
  4061 | D:4      | Killed Eustachio
  4061 | D:4      | Reached skill level 6 in Transmutations
  4068 | D:4      | Learned a level 5 spell: Blade Hands
  4071 | D:4      | Learned a level 2 spell: Sticks to Snakes
  4444 | D:5      | Entered Level 5 of the Dungeon
  4631 | D:5      | Found an ornate altar of the Wu Jian Council.
  4796 | D:5      | Found a white marble altar of Elyvilon.
  5109 | D:5      | Found Oginacox's Distillery.
  5461 | D:5      | Found a staircase to the Ecumenical Temple.
  5476 | Temple   | Entered the Ecumenical Temple
  5537 | Temple   | Became a worshipper of Warmaster Okawaru
  5666 | D:5      | Reached XP level 8. HP: 54/63 MP: 11/11
  5726 | D:4      | HP: 3/66 [worker ant (3)]
  6102 | D:5      | HP: 1/66 [orc warrior/enchanted trident (12)]
  6452 | D:5      | Bought 2 potions of berserk rage for 120 gold pieces
  6776 | D:6      | Reached skill level 5 in Fighting
  6796 | D:6      | Reached * piety under Okawaru
  6819 | D:6      | Found a glowing drain.
  6875 | Sewer    | Entered a sewer
  7396 | D:6      | Found a blossoming altar of Fedhas.
  7634 | D:6      | Found a stormy altar of Qazlal.
  7912 | D:7      | Reached skill level 7 in Transmutations
  7984 | D:7      | Reached XP level 9. HP: 74/75 MP: 12/12
  8363 | D:7      | Reached skill level 8 in Transmutations
  8478 | D:7      | Noticed Prince Ribbit
  8482 | D:7      | Noticed Joseph
  8483 | D:7      | Killed Prince Ribbit
  8494 | D:7      | Killed Joseph
  8494 | D:7      | Reached ** piety under Okawaru
  8494 | D:7      | Reached skill level 9 in Transmutations
  8770 | D:7      | Noticed a cyclops
  8781 | D:7      | Killed a cyclops
  8781 | D:7      | Reached skill level 10 in Transmutations
  9338 | D:8      | Found a radiant altar of Vehumet.
  9452 | D:8      | Reached *** piety under Okawaru
  9852 | D:8      | Reached XP level 10. HP: 56/83 MP: 13/13
  9879 | D:8      | Reached skill level 11 in Transmutations
 10027 | D:8      | Noticed Pikel
 10040 | D:8      | Killed Pikel
 10155 | D:8      | Noticed a two-headed ogre
 10162 | D:8      | Killed a two-headed ogre
 10162 | D:8      | Reached **** piety under Okawaru
 10499 | D:9      | Reached skill level 12 in Transmutations
 10542 | D:9      | Reached skill level 1 in Invocations
 10885 | D:9      | Reached skill level 5 in Invocations
 10973 | D:9      | Noticed a deep troll earth mage
 10982 | D:9      | Killed a deep troll earth mage
 10982 | D:9      | Reached ***** piety under Okawaru
 10989 | D:9      | Noticed a deep elf mage
 11311 | D:9      | Killed a deep elf mage
 11311 | D:9      | Reached XP level 11. HP: 67/89 MP: 1/17
 11563 | D:9      | Noticed a two-headed ogre
 11572 | D:9      | Slain by a two-headed ogre

Vault maps used:
D:1:      elethiomel_arrival_infinity_welcomes_careful_drivers
D:2:      first_ration, uniq_crazy_yiuf_cottage
D:3:      minmay_misc_feat_nine_boxes
D:4:      uniq_eustachio
D:5:      grunt_temple_overflow_open, minmay_temple_entry_nine_rooms,
          serial_shops, nicolae_shop_temple_entry_statues_fountains
D:6:      grunt_temple_overflow_forces_of_nature, portal_sewer_entry_f,
          glass_columns_a
D:7:      uniq_joseph, uniq_prince_ribbit1
D:8:      vehumet_altar_wand_db, uniq_pikel
D:9:      grunt_livestock, minmay_evil_grid
Temple:   eino_narrow_crystal_temple
Sewer:    sewer_the_crocodile

Skill      XL: |  1  2  3  4  5  6  7  8  9 10 11 |
---------------+----------------------------------+-----
Unarmed Combat | 4 5 6 8 |  8.5
Transmutations | 3 5 6 7 10 12 | 12.0
Fighting       | 3 6 |  6.4
Invocations    | 8 |  8.0
Dodging        | 2 |  2.4
Spellcasting   | |  2.0

Action                   |  1- 3 |  4- 6 |  7- 9 | 10-12 || total
-------------------------+-------+-------+-------+-------++-------
Melee: Unarmed           |   103 |   178 |   440 |   165 ||   886
       Tailslap          |    15 |    18 |    58 |    31 ||   122
       Punch             |     1 |     3 |    17 |     5 ||    26
       Headbutt          |     2 |     9 |     5 |     1 ||    17
       Kick              |       |     2 |    21 |     2 ||    25
 Cast: Beastly Appendage |     2 |     7 |    11 |     2 ||    22
       Sticks to Snakes  |       |       |     7 |     1 ||     8
       Blade Hands       |       |       |       |     4 ||     4
Invok: Heroism           |       |       |       |     7 ||     7
       Finesse           |       |       |       |     1 ||     1
 Abil: Breathe Acid      |       |       |    13 |     4 ||    17
  Use: Scroll            |       |    11 |     8 |     2 ||    21
       Potion            |       |     1 |     4 |     3 ||     8
 Stab: Sleeping          |     1 |     1 |     1 |       ||     3
  Eat: Chunk             |     2 |     1 |    13 |     5 ||    21
       Ration            |       |     2 |     4 |     2 ||     8
Armor: Skin              |    23 |    33 |   119 |    30 ||   205
Dodge: Dodged            |    63 |    85 |   236 |    86 ||   470

Table legend:
 A = Spawn XP
 B = Non-spawn XP
 C = Spawn XP percentage of total XP
 D = Spawn monster count
 E = Non-spawn monster count
 F = Spawn count percentage of total count
 G = Total turns spent on level
                    A         B        C        D         E        F      G
               +---------+---------+-------+---------+---------+-------+---------
         Total |       0 |   12230 |   0.0 |       0 |     207 |   0.0 | 11572
               +---------+---------+-------+---------+---------+-------+---------
           D:1 |       0 |      19 |   0.0 |       0 |      13 |   0.0 |   703
           D:2 |       0 |     109 |   0.0 |       0 |      15 |   0.0 |  1394
           D:3 |       0 |      43 |   0.0 |       0 |      14 |   0.0 |  1118
           D:4 |       0 |     874 |   0.0 |       0 |      24 |   0.0 |  1994
           D:5 |       0 |     697 |   0.0 |       0 |      31 |   0.0 |  1226
           D:6 |       0 |     716 |   0.0 |       0 |      26 |   0.0 |  1121
           D:7 |       0 |    2235 |   0.0 |       0 |      21 |   0.0 |  1387
           D:8 |       0 |    2680 |   0.0 |       0 |      30 |   0.0 |  1464
           D:9 |       0 |    4748 |   0.0 |       0 |      27 |   0.0 |   825
         Sewer |       0 |     109 |   0.0 |       0 |       6 |   0.0 |   263
               +---------+---------+-------+---------+---------+-------+---------
